Map: Blackpink LE

Players

LiquidTLO (TLO) - Winner!

  • Race: Zerg Zerg
  • Spawn Location: 7:00

PtitDrogo

  • Race: Protoss Protoss
  • Spawn Location: 1:00

Event: WCS Leipzig 2018

VOD

Have the link to the VOD?

Description

Time

  • Played on: Jan. 26, 2018, 1:04 p.m.
  • Length: 11:00

All games in this series

Show
View Real Time Build Order
Export as new Build Order

LiquidTLO Zerg - Winner!

Build Orders: Hatch First 

Get SALT Encoding   

  12  0:00  Drone  
  13  0:12  Overlord  
  13  0:18  Drone  
  14  0:31  Drone x2  
  16  0:48  Hatchery  
  15  0:51  Drone  
  15  0:54  Drone  
  17  1:00  Drone  
  17  1:01  Extractor  
  17  1:13  Spawning Pool  
  17  1:18  Drone  
  17  1:20  Drone  
  18  1:29  Drone  
  19  1:40  Overlord  
  19  1:49  Drone  
  20  1:59  Queen  
  20  2:00  Queen  
  24  2:02  Metabolic Boost  
  24  2:06  Drone  
  25  2:09  Drone  
  25  2:12  Drone  
  28  2:15  Drone  
  28  2:33  Zergling x2  
  28  2:35  Zergling x2  
  28  2:36  Hatchery  
  29  2:43  Drone  
  29  2:44  Drone x3  
  33  2:54  Overlord  
  33  2:55  Drone  
  34  2:59  Queen  
  36  3:06  Overlord  
  36  3:10  Overlord  
  36  3:11  Drone  
  35  3:13  Drone  
  35  3:14  Drone x2  
  35  3:17  Overlord  
  39  3:20  Drone  
  39  3:24  Overlord  
  39  3:25  Zergling x2  
  40  3:33  Zergling x4  
  42  3:42  Drone x2  
  42  3:43  Drone x2  
  42  3:44  Drone  
  42  3:47  Spore Crawler  
  46  3:50  Spore Crawler, Queen  
  46  3:54  Drone  
  46  3:55  Drone, Zergling x2  
  49  3:58  Drone  
  49  4:02  Queen  
  53  4:07  Spore Crawler  
  53  4:09  Drone  
  53  4:10  Drone  
  53  4:12  Zergling x2  
  53  4:14  Drone  
  53  4:15  Drone  
  57  4:18  Zergling x4  
  57  4:21  Drone  
  60  4:26  Baneling Nest  
  59  4:31  Drone  
  59  4:32  Drone  
  59  4:34  Drone x2  
  59  4:35  Zergling x2  
  59  4:36  Zergling x4  
  66  4:40  Zergling x2  
  66  4:43  Zergling x2  
  66  4:45  Zergling x8  
  71  4:46  Zergling x2  
  71  4:49  Overlord x2  
  73  4:54  Overlord  
  73  4:56  Lair  
  73  4:59  Extractor  
  72  5:01  Drone  
  72  5:02  Evolution Chamber  
  72  5:05  Drone  
  72  5:08  Drone  
  72  5:09  Drone x4  
  72  5:14  Drone  
  78  5:19  Drone  
  78  5:20  Drone x2  
  81  5:25  Drone x2  
  81  5:27  Zergling x2  
  83  5:29  Drone  
  83  5:32  Drone, Extractor x2  
  83  5:33  Drone  
  83  5:34  Extractor x2, Zerg Missile Weapons Level 1  
  81  5:36  Baneling x4  
  81  5:37  Drone x2, Zergling x2  
  81  5:38  Drone  
  81  5:41  Baneling, Zergling x2  
  81  5:42  Queen x2  
  86  5:43  Zergling x2  
  86  5:45  Baneling  
  86  5:49  Zergling x2  
  92  5:53  Zergling x4  
  92  5:54  Zergling x2  
  92  5:55  Drone  
  96  6:00  Drone  
  96  6:03  Drone x2  
  84  6:07  Zergling x2  
  84  6:08  Drone x2  
  83  6:13  Drone, Hydralisk Den  
  83  6:14  Drone  
  83  6:15  Drone  
  83  6:18  Queen  
  84  6:28  Drone, Zergling x2  
  87  6:32  Zergling x2  
  87  6:34  Zergling x2  
  87  6:37  Hatchery  
  87  6:40  Zergling x2  
  87  6:41  Zergling x4  
  87  6:42  Zergling x2  
  87  6:45  Muscular Augments  
  87  6:46  Drone  
  90  6:48  Lurker Den  
  90  6:49  Baneling x2  
  90  6:50  Drone  
  90  6:52  Drone x2, Overseer  
  92  6:55  Spine Crawler  
  92  6:56  Overlord  
  91  7:01  Overlord  
  91  7:03  Zergling x2  
  91  7:05  Hydralisk x3  
  91  7:07  Overlord x2  
  98  7:10  Overlord  
  98  7:14  Baneling  
  98  7:16  Baneling x6  
  98  7:18  Zergling x2  
  98  7:19  Zergling x12  
  98  7:21  Zergling x2  
  98  7:22  Zergling x2  
  107  7:24  Overlord  
  107  7:26  Zergling x2  
  107  7:32  Zergling x2  
  107  7:35  Zergling x2  
  107  7:36  Zergling x2  
  102  7:37  Zergling x2  
  102  7:40  Zergling x2  
  102  7:41  Hydralisk x4  
  102  7:43  Hydralisk x2  
  102  7:44  Hydralisk  
  110  7:47  Baneling x4  
  110  7:48  Hydralisk  
  110  7:51  Hydralisk  
  114  7:53  Hydralisk  
  114  7:57  Baneling x2  
  114  7:58  Hydralisk  
  117  8:01  Hydralisk  
  117  8:03  Hydralisk  
  122  8:06  Zergling x4  
  122  8:07  Zergling x2  
  122  8:08  Zergling x2  
  122  8:09  Zergling x4  
  122  8:11  Zergling x2  
  122  8:12  Zergling x4  
  126  8:13  Zergling x2  
  126  8:15  Zergling x2  
  126  8:16  Hydralisk  
  126  8:18  Zergling x2  
  126  8:19  Zergling x2  
  122  8:20  Zergling x2  
  122  8:21  Zergling x2  
  122  8:24  Hydralisk  
  113  8:30  Hydralisk  
  106  8:35  Drone  
  106  8:38  Drone  
  106  8:39  Drone  
  106  8:41  Drone  
  106  8:45  Drone  
  106  8:47  Drone  
  108  8:49  Drone  
  108  8:52  Lurker x2  
  108  8:53  Zergling x2  
  108  8:55  Drone  
  113  8:57  Drone  
  113  8:58  Drone  
  113  9:01  Zergling x2, Hydralisk  
  113  9:02  Hydralisk  
  117  9:06  Hydralisk  
  117  9:07  Hydralisk  
  122  9:11  Hydralisk x2  
  122  9:14  Drone  
  127  9:17  Extractor  
  127  9:18  Extractor  
  127  9:21  Overlord  
  121  9:27  Hydralisk  
  121  9:28  Zergling x4, Hydralisk  
  121  9:30  Zergling x4, Hydralisk x2  
  118  9:32  Hydralisk  
  118  9:37  Drone x2  
  119  9:39  Zergling x2  
  119  9:40  Zergling x12  
  126  9:46  Zergling x2  
  126  9:47  Zergling x2  
  126  9:49  Drone  
  126  9:51  Zergling x2  
  126  9:52  Drone  
  131  9:55  Zergling x2  
  131  9:58  Zergling x2, Infestation Pit  
  131  9:59  Zergling x2  
  133  10:01  Zergling x2  
  133  10:02  Drone  
  133  10:03  Drone x2  
  133  10:05  Drone  
  133  10:06  Drone  
  134  10:09  Drone  
  134  10:13  Overlord  
  135  10:15  Overlord  
  135  10:19  Zergling x2  
  135  10:21  Zergling x4  
  134  10:23  Overlord  
  134  10:25  Spore Crawler, Overlord  
  134  10:27  Zergling x2  
  134  10:28  Zergling x2  
  132  10:30  Zergling x2  
  132  10:32  Zergling x4  
  132  10:33  Zergling x4  
  132  10:34  Zergling x4, Hydralisk  
Show
View Real Time Build Order
Export as new Build Order

PtitDrogo Protoss 

Build Orders: 1 Gate Expand, Oracle Opening, Phoenix Opening, Mass Adepts 

Get SALT Encoding   

  12  0:00  Probe  
  13  0:12  Probe  
  14  0:20  Pylon  
  14  0:25  Probe  
  15  0:38  Probe (Chrono Boost)  
  16  0:44  Gateway  
  16  0:47  Probe (Chrono Boost)  
  16  0:48  Assimilator  
  17  0:52  Probe (Chrono Boost)  
  18  1:04  Probe  
  19  1:16  Probe  
  20  1:23  Nexus  
  20  1:33  Cybernetics Core  
  20  1:36  Probe  
  21  1:47  Assimilator  
  21  1:49  Probe  
  21  1:51  Pylon  
  22  2:01  Probe  
  22  2:08  Adept (Chrono Boost)  
  23  2:14  Probe  
  26  2:18  Stargate  
  26  2:26  Probe  
  27  2:30  Warp Gate (Chrono Boost)  
  27  2:34  Adept  
  29  2:38  Probe x2 (Chrono Boost)  
  31  2:48  Probe x2 (Chrono Boost)  
  33  2:53  Probe x2 (Chrono Boost)  
  35  3:04  Probe  
  35  3:05  Probe  
  40  3:13  Phoenix (Chrono Boost)  
  40  3:16  Probe  
  40  3:17  Probe, Pylon  
  41  3:20  Gateway  
  41  3:21  Adept  
  43  3:28  Probe  
  43  3:33  Gateway  
  44  3:35  Oracle  
  47  3:42  Probe x2  
  47  3:44  Twilight Council  
  49  3:52  Adept  
  49  3:54  Probe, Pylon  
  52  3:56  Probe  
  52  4:00  Assimilator  
  53  4:04  Assimilator  
  53  4:06  Probe  
  53  4:08  Pylon  
  54  4:12  Probe  
  54  4:16  Resonating Glaives (Chrono Boost)  
  55  4:27  Adept x3  
  61  4:36  Pylon  
  61  4:50  Adept x3  
  67  4:56  Robotics Facility  
  67  4:57  Nexus  
  67  4:58  Probe  
  68  5:06  Pylon  
  69  5:11  Adept x2  
  69  5:13  Adept  
  74  5:16  Probe x2  
  76  5:31  Gateway  
  76  5:32  Gateway x2  
  76  5:38  Sentry x2  
  76  5:39  Sentry  
  82  5:53  Probe  
  83  6:02  Sentry x3  
  83  6:03  Probe  
  84  6:07  Gateway  
  84  6:08  Gateway  
  84  6:09  Gateway, Immortal (Chrono Boost)  
  80  6:13  Probe  
  81  6:29  Probe x3  
  82  6:36  Sentry  
  82  6:37  Sentry x2  
  82  6:38  Sentry, Warp Prism (Chrono Boost)  
  82  6:39  Adept x2  
  96  6:41  Probe x2  
  96  6:45  Probe  
  99  6:53  Probe x2, Pylon  
  101  6:55  Pylon  
  101  6:58  Pylon  
  101  7:00  Pylon  
  101  7:24  Adept x5  
  101  7:25  Adept x4  
  101  7:26  Probe  
  104  7:49  Adept  
  104  7:50  Adept x8  
  120  7:51  Immortal  
  124  8:12  Adept x5  
  92  8:30  Warp Prism (Chrono Boost)  
  84  8:37  Sentry x3  
  84  8:38  Adept x6  
  92  8:43  Probe x2  
  92  8:45  Assimilator x2, Oracle (Chrono Boost)  
  93  8:48  Robotics Facility  
  93  8:58  Immortal (Chrono Boost)  
  93  9:00  Adept x8  
  93  9:01  Adept  
  106  9:20  Adept x6  
  98  9:34  Immortal (Chrono Boost)  
  98  9:35  Adept x3  
  98  9:36  Observer (Chrono Boost)  
  105  9:41  Adept  
  107  9:51  Adept x2  
  107  9:52  Adept x3  
  113  10:16  Immortal x2 (Chrono Boost)  
  117  10:24  Adept x2  
  117  10:25  Adept x7  
  133  10:28  Forge  
  101  10:47  Adept x9  
Tags
 
Add a new tag
Caveats
  • Supply blocks, unpowered buildings, or Contaminate may cause inaccurate times.
  • Supply counts are checked every 10 seconds.